 Dungeon Crawl Stone Soup version 0.20.1-1-g8b1a95d (webtiles) character file.

793 Folque the Conjurer (level 7, 0/69 HPs)
             Began as an Octopode Wizard on Nov 4, 2017.
             Was an Initiate of Sif Muna.
             Slain by Duvessa
             ... wielding a +2 short sword of venom
              (10 damage)
             ... on level 5 of the Dungeon.
             The game lasted 00:30:11 (5385 turns).

Folque the Conjurer (Octopode Wizard)               Turns: 5385, Time: 00:30:12

Health: 0/69       AC:  1    Str: 11    XL:     7   Next: 88%
Magic:  8/14       EV: 13    Int: 27    God:    Sif Muna [......]
Gold:   136        SH:  0    Dex: 11    Spells: 8/16 levels left

rFire    . . .     SeeInvis .   v - +2 trident (venom)
rCold    . . .     Gourm    .   (no shield)
rNeg     . . .     Faith    .   a - +0 hat
rPois    .         Spirit   .   (no amulet)
rElec    .         Reflect  .   (no ring)
rCorr    .         Harm     .   (no ring)
MR       .....                  (no ring)
Stlth    ..........             (no ring)
Regen    0.3/turn               (no ring)
MPRegen  0.2/turn               (no ring)
                                (no ring)
                                (no ring)

@: brilliant, berserking, lethally poisoned (0 -> -4), very quick
A: almost no armour, stealthy swim, amphibious, 8 rings, constrict 8, camouflage
1, gelatinous body 1
a: Renounce Religion


You were on level 5 of the Dungeon.
You worshipped Sif Muna.
Sif Muna was noncommittal.
You were hungry.

You visited 2 branches of the dungeon, and saw 6 of its levels.

You collected 136 gold pieces.

Inventory:

Hand Weapons
 e - a +0 dagger
 i - a +0 halberd
 j - a +0 short sword
 o - a +3 hand axe
 q - a +4 hand axe
 v - a +2 trident of venom (weapon)
Armour
 a - a +0 hat (worn)
Jewellery
 u - an uncursed ring of poison resistance {unknown}
Wands
 s - a wand of disintegration (3/24)
Scrolls
 h - a scroll of magic mapping
 t - a scroll of identify
Potions
 m - a potion of degeneration {unknown}
 p - a potion of lignification {unknown}
 r - a potion of magic {unknown}
Books
 b - a book of Minor Magic

   Spells                             Type                      Level
   a - Magic Dart                     Conjuration                  1
   b - Blink                          Translocation                2
   c - Call Imp                       Summoning                    2
   d - Slow                           Hexes                        2
   e - Conjure Flame                  Conjuration/Fire             3
   f - Mephitic Cloud                 Conjuration/Poison/Air       3
Comestibles
 c - 4 bread rations
 g - 3 fruits
 l - 2 meat rations


   Skills:
 - Level 3.0 Fighting
 + Level 1.9 Polearms
 - Level 2.0 Dodging
 - Level 2.6 Stealth
 + Level 5.0 Spellcasting
 * Level 5.3 Conjurations
 - Level 1.0 Summonings
 - Level 1.0 Translocations
 - Level 3.1 Poison Magic


You had 8 spell levels left.
You knew the following spells:

 Your Spells              Type           Power        Failure   Level  Hunger
a - Magic Dart            Conj           ####         1%          1    None
b - Call Imp              Summ           ####....     1%          2    None
c - Blink                 Tloc           N/A          1%          2    None
d - Mephitic Cloud        Conj/Pois/Air  #####...     1%          3    #......


Dungeon Overview and Level Annotations

Branches:
Dungeon (5/15)             Temple (1/1) D:5

Altars:
Ashenzari
Cheibriados
Dithmenos
Elyvilon
Fedhas
Gozag
Kikubaaqudgha
Makhleb
Nemelex Xobeh
Okawaru
Qazlal
Ru
Sif Muna
Trog
Uskayaw
Vehumet
Xom
Yredelemnul
Zin
The Shining One

Annotations:
D:5 Duvessa


Innate Abilities, Weirdness & Mutations

You cannot wear most types of armour.
You are very stealthy in the water. (Stealth+)
You are amphibious.
You can wear up to eight rings at the same time.
You can use your tentacles to constrict eight enemies at once.
Your skin changes colour to match your surroundings (Stealth+).
Your rubbery body absorbs attacks. (AC +1, EV +1)


Message History

It was a potion of brilliance.
You feel clever all of a sudden.
You constrict Duvessa.
* * * LOW HITPOINT WARNING * * *
You feel sick.
Duvessa struggles to escape constriction.
Your crimson imp barely misses Duvessa.
It was a potion of berserk rage.
A red film seems to cover your vision as you go berserk!
You feel yourself moving faster!
You feel mighty!
You constrict Duvessa, but do no damage.
You feel sick.
Your crimson imp hits Duvessa but does no damage.
Duvessa completely misses you.
You completely miss Duvessa.
Duvessa is almost dead.
You constrict Duvessa, but do no damage.
You feel sick.
Duvessa hits you with a short sword of venom!
You die...

#...# .# #...........
#.#######.############.#.######.#
#.............................#.#
#.#######.#####.######.#.######.#
#.#######.#####.######.#.######.#
.................................
#.###.###.#####.######.#.##.###.#
.................e5.........>##.#
#.###.###.......@...oo...........
#.# #.# #.####..#####..#.#...##.#
#.# #.###.# #.....##....#...##.#
#.# #.#.#.# #.).≈.##....#...##.#
#.###.#.#.# #.._..##........##.#
......#.#.# ##...###............
#.###...#.# #.### #............
..........#####.# #..#....#####
#.###...........#####..#....#


You could see Duvessa (berserk), 2 orcs and a friendly crimson imp.

Vanquished Creatures
  2 phantoms
  Dowan (D:5)
  A crimson imp (D:5)
  A hound (D:5)
  4 orc wizards
  An iguana (D:5)
  3 worker ants
  A hound zombie (D:5)
  A gnoll (D:3)
  3 adders
  2 shadow imps (D:5)
  An adder zombie (D:5)
  A worm (D:5)
  3 dart slugs (D:1)
  A leopard gecko (D:5)
  13 orcs
  7 bats
  A giant cockroach (D:5)
  7 goblins
  7 hobgoblins
  4 jackals (D:3)
  3 kobolds
  2 quokkas
  5 frilled lizards
  4 rats
79 creatures vanquished.

Vanquished Creatures (collateral kills)
  An ogre (D:4)
  The ghost of Meenos the Ruffian, an amateur DrTm of Makhleb (D:4)
  A scorpion (D:5)
  An orc wizard (D:4)
  3 gnolls (D:3)
  4 adders
  An adder skeleton (D:4)
  4 worms
  7 orcs
  3 goblins
  A hobgoblin (D:2)
  4 jackals (D:3)
  A kobold (D:2)
  A quokka (D:3)
  A rat (D:3)
34 creatures vanquished.

Grand Total: 113 creatures vanquished

Notes
Turn   | Place    | Note
-------+----------+-------------------------------------------
     0 | D:1      | Folque the Octopode Wizard began the quest for the Orb.
     0 | D:1      | Reached XP level 1. HP: 11/11 MP: 4/4
   141 | D:1      | Reached skill level 1 in Fighting
   143 | D:1      | Reached XP level 2. HP: 16/18 MP: 1/6
   270 | D:1      | Learned a level 2 spell: Call Imp
   273 | D:1      | Learned a level 2 spell: Blink
   777 | D:1      | Reached XP level 3. HP: 17/24 MP: 7/7
   969 | D:2      | Learned a level 3 spell: Mephitic Cloud
   995 | D:2      | Found a faded altar of an unknown god.
  1901 | D:3      | Reached XP level 4. HP: 30/30 MP: 0/9
  2559 | D:3      | Reached XP level 5. HP: 36/36 MP: 8/10
  3227 | D:4      | Noticed an ogre
  3326 | D:4      | Reached XP level 6. HP: 33/42 MP: 2/12
  3510 | D:4      | Reached skill level 1 in Poison Magic
  3638 | D:4      | Noticed Meenos's ghost (amateur DrTm)
  3640 | D:4      | Noticed a phantom
  3660 | D:4      | Killed Meenos's ghost
  3946 | D:4      | Killed a phantom
  3946 | D:4      | Reached XP level 7. HP: 39/46 MP: 1/13
  4196 | D:4      | Found a hide-covered altar of Uskayaw.
  4196 | D:4      | Found a sparkling altar of Nemelex Xobeh.
  4217 | D:5      | Entered Level 5 of the Dungeon
  4217 | D:5      | Found an iron altar of Okawaru.
  4230 | D:5      | Found a shimmering altar of Xom.
  4539 | D:5      | Found a blossoming altar of Fedhas.
  4575 | D:5      | Found a staircase to the Ecumenical Temple.
  4590 | D:5      | Noticed Duvessa
  4591 | D:5      | Noticed Dowan
  4612 | Temple   | Entered the Ecumenical Temple
  4845 | Temple   | Became a worshipper of Sif Muna the Loreminder
  4995 | D:5      | Reached skill level 1 in Polearms
  5052 | D:5      | Killed Dowan
  5052 | D:5      | Reached skill level 5 in Conjurations
  5381 | D:5      | Reached skill level 5 in Spellcasting
  5385 | D:5      | Slain by Duvessa

Skill      XL: |  1  2  3  4  5  6  7 |
---------------+----------------------+-----
Fighting       | 1 2 3 |  3.0
Conjurations   | 2 3 4 5 |  5.3
Spellcasting   | 4 5 |  5.0
Poison Magic   | 3 |  3.1
Polearms       | 1 |  1.9
Dodging        | |  2.0
Stealth        | |  2.6
Summonings     | |  1.0
Translocations | |  1.0

Action                   |  1- 3 |  4- 6 |  7- 9 || total
-------------------------+-------+-------+-------++-------
Melee: Unarmed           |     7 |       |       ||     7
       Constrict         |    15 |    30 |    12 ||    57
       Tentacles         |     9 |    15 |     6 ||    30
       Dagger            |    40 |       |       ||    40
       Short sword       |    16 |    30 |       ||    46
       Hand axe          |       |    53 |       ||    53
       Trident           |       |       |    71 ||    71
 Cast: Magic Dart        |    20 |     9 |    11 ||    40
       Call Imp          |     9 |    44 |    11 ||    64
       Mephitic Cloud    |       |    11 |    12 ||    23
       Blink             |       |     2 |       ||     2
Evoke: Wand              |       |     3 |       ||     3
  Use: Potion            |     1 |       |     4 ||     5
       Scroll            |       |     4 |     1 ||     5
 Stab: Sleeping          |     4 |     1 |       ||     5
       Confused          |       |     3 |     2 ||     5
  Eat: Chunk             |     3 |     8 |     5 ||    16
Armor: Skin              |    10 |     8 |     9 ||    27
Dodge: Dodged            |    41 |    51 |    44 ||   136
